Map: 锈化山巅-天梯版

Players

JieShi

  • Race: Protoss Protoss

iGXY (XY) - Winner!

  • Race: Terran Terran

Event: DreamHack SC2 Masters 2021 Fall

VOD

Have the link to the VOD?

Description

Time

  • Played on: Aug. 4, 2021, 9:37 a.m.
  • Length: 10:25

All games in this series

Show
View Real Time Build Order
Export as new Build Order

JieShi Protoss 

Build Orders: Blink Stalkers 

Get SALT Encoding   

  12  0:00  Probe  
  13  0:12  Probe  
  14  0:18  Pylon  
  14  0:25  Probe (Chrono Boost)  
  15  0:37  Probe (Chrono Boost)  
  15  0:38  Gateway  
  16  0:45  Probe (Chrono Boost)  
  16  0:46  Assimilator  
  17  0:51  Probe  
  18  1:03  Probe  
  19  1:15  Probe  
  20  1:27  Cybernetics Core, Probe  
  21  1:35  Pylon  
  21  1:46  Nexus  
  21  1:50  Probe  
  22  1:55  Assimilator  
  22  2:01  Adept (Chrono Boost)  
  22  2:02  Probe  
  24  2:11  Warp Gate  
  24  2:14  Probe  
  25  2:26  Probe  
  26  2:30  Twilight Council  
  26  2:35  Stalker (Chrono Boost)  
  26  2:38  Probe  
  30  2:52  Probe (Chrono Boost)  
  30  2:58  Probe (Chrono Boost)  
  31  3:02  Blink (Chrono Boost)  
  32  3:07  Gateway, Probe x2 (Chrono Boost)  
  32  3:12  Probe (Chrono Boost)  
  33  3:14  Probe  
  35  3:24  Probe  
  35  3:26  Probe  
  37  3:28  Robotics Facility  
  37  3:36  Probe  
  37  3:38  Probe  
  39  3:48  Probe  
  39  3:50  Nexus, Probe  
  39  3:53  Pylon  
  41  4:00  Stalker, Probe  
  44  4:03  Probe  
  44  4:07  Pylon  
  45  4:13  Stalker, Probe  
  45  4:15  Shield Battery, Probe  
  45  4:16  Observer  
  50  4:23  Pylon  
  50  4:27  Stalker  
  50  4:29  Probe x2  
  54  4:37  Assimilator  
  54  4:39  Stalker  
  54  4:41  Probe  
  54  4:44  Probe  
  58  4:51  Stalker  
  58  4:55  Observer  
  58  4:58  Probe  
  59  5:04  Probe (Chrono Boost)  
  60  5:07  Stalker  
  60  5:11  Observer  
  60  5:12  Probe (Chrono Boost)  
  63  5:15  Probe (Chrono Boost)  
  63  5:16  Warp Prism (Chrono Boost)  
  63  5:20  Probe (Chrono Boost)  
  63  5:21  Probe (Chrono Boost)  
  67  5:24  Probe (Chrono Boost)  
  67  5:25  Charge  
  67  5:26  Gateway  
  67  5:27  Probe  
  69  5:29  Probe  
  69  5:34  Probe  
  71  5:38  Forge  
  71  5:39  Probe  
  71  5:40  Gateway  
  72  5:43  Probe  
  72  5:46  Probe  
  72  5:47  Sentry x2  
  78  5:51  Probe  
  78  5:52  Observer (Chrono Boost)  
  78  5:54  Pylon  
  78  5:55  Probe  
  81  5:58  Pylon  
  81  6:03  Pylon  
  81  6:04  Immortal (Chrono Boost)  
  81  6:09  Pylon  
  81  6:10  Probe  
  85  6:14  Shield Battery  
  84  6:21  Photon Cannon  
  84  6:22  Probe  
  84  6:23  Stalker x2  
  89  6:29  Stalker  
  91  6:37  Probe  
  91  6:39  Probe  
  84  6:43  Zealot  
  84  6:49  Stalker x2, Probe  
  84  6:52  Probe  
  85  7:01  Probe  
  85  7:04  Probe  
  85  7:08  Gateway  
  85  7:09  Gateway  
  85  7:13  Stalker, Probe  
  85  7:14  Gateway  
  85  7:15  Gateway, Zealot  
  89  7:16  Probe  
  89  7:20  Photon Cannon  
  90  7:22  Photon Cannon  
  90  7:25  Probe  
  90  7:28  Probe  
  92  7:30  Assimilator  
  92  7:31  Probe  
  92  7:36  Assimilator  
  93  7:37  Probe  
  93  7:40  Probe  
  93  7:43  Zealot x4, Probe  
  104  7:50  Assimilator, Probe  
  105  7:52  Shield Battery  
  105  8:08  Robotics Bay  
  105  8:10  Nexus  
  105  8:11  Pylon, Immortal  
  105  8:12  Zealot x2  
  111  8:13  Zealot x2  
  109  8:24  Stalker x3, Zealot  
  105  8:32  Observer  
  97  8:36  Zealot x3  
  95  8:45  Zealot  
  93  8:50  Colossus (Chrono Boost), Gateway  
  93  8:51  Gateway, Extended Thermal Lance (Chrono Boost)  
  93  9:00  Pylon  
  99  9:09  Templar Archives  
  99  9:12  Robotics Facility  
  100  9:17  Gateway, Probe x3  
  100  9:23  Sentry, Zealot x3  
  100  9:24  Zealot x2  
  112  9:29  Observer  
  112  9:30  Colossus (Chrono Boost)  
  114  9:33  Zealot  
  115  9:44  Zealot x4  
  115  9:48  Zealot x4  
  123  9:57  Zealot  
  115  10:06  Stalker x2, Zealot  
  95  10:07  Zealot  
  95  10:12  Zealot x2  
  95  10:13  Zealot  
  95  10:17  Zealot  
Show
View Real Time Build Order
Export as new Build Order

iGXY Terran - Winner!

Build Orders: Reaper Expand 

Get SALT Encoding   

  12  0:00  SCV  
  13  0:12  SCV  
  14  0:16  Supply Depot  
  14  0:24  SCV  
  15  0:38  SCV  
  15  0:40  Barracks  
  16  0:43  Refinery  
  16  0:50  SCV  
  17  1:02  SCV  
  18  1:13  Engineering Bay  
  18  1:14  SCV  
  19  1:28  Reaper, Orbital Command  
  20  1:44  Command Center  
  20  1:52  Supply Depot  
  20  1:56  SCV  
  21  2:01  Barracks Reactor  
  21  2:08  SCV  
  22  2:20  SCV, Factory  
  23  2:23  Refinery  
  23  2:32  SCV  
  24  2:37  Marine  
  24  2:40  Marine  
  26  2:44  SCV  
  27  2:55  Marine  
  27  2:56  SCV, Orbital Command  
  27  2:58  Marine  
  28  3:04  Widow Mine, Starport  
  31  3:08  SCV  
  32  3:13  Marine  
  32  3:16  Marine  
  34  3:21  SCV  
  34  3:22  SCV  
  34  3:26  Widow Mine  
  38  3:31  Marine  
  38  3:33  SCV  
  38  3:34  Marine, Supply Depot  
  41  3:38  SCV  
  41  3:40  Medivac  
  44  3:41  Supply Depot  
  44  3:45  SCV  
  45  3:50  Marine  
  46  3:56  Marine, SCV, Widow Mine  
  46  3:57  SCV  
  46  4:01  Barracks  
  51  4:08  Marine, SCV  
  51  4:09  SCV  
  54  4:11  Supply Depot  
  54  4:13  Marine, Starport Tech Lab  
  55  4:19  Factory Tech Lab  
  55  4:20  SCV  
  56  4:24  SCV  
  56  4:26  Marine  
  56  4:29  Supply Depot  
  56  4:31  Marine, Raven  
  60  4:32  SCV  
  60  4:36  Barracks  
  62  4:41  Siege Tank  
  62  4:44  Marine  
  64  4:49  Marine  
  63  4:56  SCV  
  64  5:02  Marine  
  63  5:07  Marine  
  63  5:11  SCV x2  
  63  5:13  Refinery, Siege Tank  
  67  5:14  Refinery, Engineering Bay  
  67  5:20  Marine  
  68  5:23  Supply Depot, SCV x2  
  68  5:24  Barracks Tech Lab  
  70  5:31  Marine x2, Starport Reactor  
  70  5:33  Stimpack  
  70  5:35  SCV  
  73  5:36  SCV  
  73  5:39  Marine  
  73  5:41  Supply Depot  
  75  5:45  Marine, Supply Depot  
  75  5:47  SCV  
  75  5:48  SCV  
  75  5:49  Marine x2  
  82  5:53  Terran Infantry Weapons Level 1  
  80  5:57  Marine, Siege Tank  
  80  5:59  SCV  
  80  6:00  SCV  
  80  6:03  Marine  
  87  6:07  Marine x2  
  87  6:08  Supply Depot  
  87  6:10  Medivac  
  91  6:11  SCV  
  91  6:12  SCV  
  91  6:15  Marine  
  94  6:21  Marauder, Command Center  
  94  6:23  SCV  
  94  6:24  SCV  
  94  6:25  Marine  
  99  6:26  Marauder  
  101  6:32  Marine  
  101  6:35  SCV  
  101  6:36  SCV, Siege Tank  
  103  6:42  Marine  
  103  6:43  Marine  
  103  6:46  Marine  
  100  6:48  SCV x2, Barracks  
  102  7:00  SCV x2  
  98  7:01  Marauder  
  98  7:03  Medivac  
  98  7:04  Medivac  
  98  7:05  Marauder  
  98  7:08  Marine, Siege Tank  
  98  7:12  SCV  
  98  7:13  SCV  
  104  7:19  Combat Shield  
  104  7:24  SCV  
  104  7:26  Barracks  
  108  7:30  Marauder x2  
  108  7:32  Marine x2, Supply Depot  
  108  7:33  Orbital Command  
  111  7:39  SCV  
  111  7:43  Siege Tank  
  115  7:44  Barracks Reactor  
  115  7:46  Medivac x2  
  115  7:47  SCV  
  121  7:51  SCV  
  121  7:53  Orbital Command  
  121  7:54  Marine x2, Marauder x2  
  127  7:59  SCV  
  127  8:00  Refinery  
  127  8:03  Refinery  
  127  8:11  SCV x2  
  127  8:12  Marine x2  
  125  8:15  Widow Mine, Marauder x2  
  130  8:23  SCV  
  130  8:24  Marine x2, SCV  
  133  8:28  SCV  
  126  8:35  SCV  
  126  8:36  Marauder x2  
  126  8:37  SCV, Widow Mine  
  126  8:40  Marine, SCV  
  129  8:48  SCV  
  126  8:49  SCV, Medivac  
  126  8:54  Medivac  
  129  8:58  Marauder x2  
  129  8:59  Barracks Tech Lab  
  129  9:00  Refinery  
  133  9:08  Supply Depot  
  133  9:10  Concussive Shells  
  133  9:14  Supply Depot  
  133  9:19  Armory, Engineering Bay  
  133  9:23  Supply Depot  
  133  9:27  Supply Depot  
  133  9:29  Marine x2, SCV x2  
  133  9:30  Widow Mine, Marauder  
  141  9:35  Marine x3  
  132  9:46  Medivac x2  
  132  9:48  Marine, Marauder x2  
  132  9:49  SCV x2  
  132  9:51  Widow Mine, Marauder  
  147  9:53  Marine  
  142  10:04  SCV x3  

Tags
 
Add a new tag
Caveats
  • Supply blocks, unpowered buildings, or Contaminate may cause inaccurate times.
  • Supply counts are checked every 10 seconds.